 Dungeon Crawl Stone Soup version bcrawl-1.39.1 (webtiles) character file.

Game seed: 9668508556958011561

339839 Finalfun the Cleaver (level 10, 0/115 HPs)
             Began as a Minotaur Archaeologist on Sept 26, 2023.
             Was an Elder of Lugonu.
             Slain by a hungry ghost (2 damage)
             ... on level 7 of the Dungeon.
             The game lasted 00:20:52 (8533 turns).

Finalfun the Cleaver (Minotaur Archaeologist)       Turns: 8533, Time: 00:20:53

Health: 0/115      AC: 25    Str: 18 (19) XL:     10   Next: 69%
Magic:  12/12      EV:  1    Int: 10 (11) God:    Lugonu [****..]
Gold:   374        SH:  0    Dex:  8 (9)  Spells: 9/9 levels left

rFire    . . .     GDR:     46% a - +1 executioner's axe (drain)
rCold    . . .     SeeInvis +   (shield currently unavailable)
rNeg     + + +     Gourm    .   (armour currently unavailable)
rPois    +         Faith    .   (helmet currently unavailable)
rElec    .         Spirit   .   (cloak currently unavailable)
rCorr    .         Reflect  .   (gloves currently unavailable)
MR       .....     NoTele   +   (boots currently unavailable)
Stlth    ++........             k - amulet of rage
HPRegen  0.29/turn              c - ring of see invisible
MPRegen  0.13/turn              t - +3 ring of evasion

@: tree-form (expiring), starving
A: giant, (retaliatory headbutt)
a: Depart the Abyss, Bend Space, Banish, Corrupt, Renounce Religion, Evoke
Berserk Rage


You were on level 7 of the Dungeon.
You worshipped Lugonu.
Lugonu was greatly pleased with you.
You were starving.
You were a tree.
You visited 2 branches of the dungeon, and saw 9 of its levels.
You also visited: Sewer.

You collected 401 gold pieces.
You spent 27 gold pieces at shops.

Inventory:

Hand Weapons
 a - a +1 executioner's axe of draining (weapon)
 b - a +0 blowgun
Missiles
 p - 50 tomahawks of dispersal {=f}
 w - 319 javelins (quivered)
 I - 34 poisoned needles
 K - 67 needles of confusion
 L - 400 poisoned tomahawks
Armour
 d - a +1 hat (melded)
 j - a +1 pair of boots (melded)
 z - a +0 cloak (melded)
 E - a +0 pair of gloves (melded)
 M - a +0 chain mail of fire resistance
 N - a +0 plate armour (melded)
Jewellery
 c - a ring of see invisible (left branch)
 k - an amulet of rage (around neck)
 t - a +3 ring of evasion (right branch)
 y - a +3 ring of protection
 G - an uncursed amulet of faith
Scrolls
 f - a scroll of remove curse
 g - 2 scrolls of revelation
 h - a scroll of enchant armour {unknown}
 i - a scroll of identify
 l - a scroll of amnesia {unknown}
 m - 4 scrolls of fear {unknown}
 u - 2 scrolls of fog {unknown}
 v - 2 scrolls of blinking {unknown}
 D - a scroll of noise {unknown}
 F - 2 scrolls of teleportation {unknown}
Potions
 n - 2 potions of brilliance
 o - a potion of lignification
 q - 2 potions of agility
 s - 2 potions of resistance
 x - 3 potions of curing
 A - 2 potions of mutation {unknown}
 H - a potion of haste {unknown}
Comestibles
 e - 16 rations {!d}


   Skills:
 - Level 3.3 Fighting
 + Level 14.5 Axes
   Level 1.2(9.8) Maces & Flails
 + Level 4.0 Throwing
 - Level 3.0 Armour
 - Level 4.4 Dodging
 - Level 3.0 Stealth
 - Level 5.0 Invocations
 - Level 5.0 Evocations


You had 9 spell levels left.
You didn't know any spells.
Your spell library was empty.

Dungeon Overview and Level Annotations

Branches:
Dungeon (8/12)             Temple (1/1) D:5
   Lair: D:7-9          Orc: D:8-11

Altars:
Ashenzari
Cheibriados
Elyvilon
Fedhas
Gozag
Hepliaklqana
Kikubaaqudgha
Lugonu
Makhleb
Nemelex Xobeh
Okawaru
Qazlal
Ru
Sif Muna
Trog
Uskayaw
Vehumet
Wu Jian
Xom
Yredelemnul
Zin
The Shining One

Shops:
D:4 *[:((   D:5 (

Annotations:
D:7 Gastronok


Innate Abilities, Weirdness & Mutations

((You reflexively headbutt those who attack you in melee.))
((You have a pair of horns on your head.))


Message History

Gastronok bites you!
* * * LOW HITPOINT WARNING * * *
The river rat bites you but does no damage.
The hungry ghost hits you.
You feel somewhat more hungry.
Gastronok's eyestalks quiver as he mumbles some strange words.
You are starving!
You hit Gastronok. You drain Gastronok.
Gastronok is severely wounded.
You closely miss the river rat. You closely miss the hungry ghost.
The rat disappears in a puff of smoke!
The hungry ghost hits you.
* * * LOW HITPOINT WARNING * * *
You feel somewhat more hungry.
Gastronok casts a spell.
Gastronok wobbles crazily.
The river rat bites you but does no damage.
You barely miss Gastronok.
Gastronok is severely wounded.
You closely miss the hungry ghost. You barely miss the river rat. x2
The hungry ghost hits you.
You die...

##### ##...#
##...## ##..###
##.....## ##..##
#.......## ##..##
##........## ##..##
##.#.###....###)5##
##.#.## ##.....§)§#
##..### ##...rwW##
..### #...r♣## ...#
##.....## ..##
#.......# )##
##......## ##
#.##....##
#####....# ##...#
##..# #..#


You could see Gastronok, a hungry ghost, 2 river rats and an ufetubus.

Vanquished Creatures
  A two-headed ogre (D:7)
  Joseph (D:7)
  Grinder (D:3)
  A hippogriff (D:7)
  Sigmund (D:3)
  A shadow (D:8)
  A steam dragon (D:6)
  A hungry ghost (D:7)
  Edmund (D:5)
  Duvessa (D:6)
  A water moccasin (D:7)
  2 porcupines
  3 sky beasts
  3 orc warriors
  A phantom (D:7)
  A hornet zombie (D:5)
  An ice beast (D:5)
  A black bear (D:5)
  2 ogres
  14 kobold brigands
  A bullfrog (D:6)
  A centaur (D:7)
  Dowan (D:6)
  A water moccasin zombie (D:7)
  A scorpion (D:7)
  3 killer bees (D:7)
  8 wights
  2 orc priests (D:6)
  8 crimson imps
  4 hounds
  A jelly (D:7)
  7 orc wizards
  A gnoll shaman (D:7)
  An iguana (D:6)
  Terence (D:3)
  4 worker ants
  A hound skeleton (D:7)
  10 adders
  10 gnolls
  2 howler monkey skeletons
  4 river rats (Sewer)
  6 oozes
  An adder zombie (D:7)
  2 adder skeletons
  3 worms
  3 dart slugs
  5 leopard geckos
  23 orcs
  A ball python (D:1)
  5 bats
  7 giant cockroaches
  7 goblins
  7 hobgoblins
  5 jackals
  6 quokkas
  6 frilled lizards
  A jackal skeleton (D:7)
  A jackal zombie (D:5)
  30 kobolds
  A quokka skeleton (D:4)
  8 rats
239 creatures vanquished.

Notes
Turn   | Place    | Note
-------+----------+-------------------------------------------
     0 | D:1      | Finalfun the Minotaur Archaeologist began the quest for the
                  | Orb.
     0 | D:1      | Reached XP level 1. HP: 16/16 MP: 0/0
   353 | D:1      | Reached XP level 2. HP: 23/23 MP: 1/1
   363 | D:1      | Reached skill level 1 in Armour
  1014 | D:2      | Reached XP level 3. HP: 28/29 MP: 2/2
  1278 | D:2      | Noticed a sky beast
  1289 | D:2      | Killed a sky beast
  1290 | D:2      | Reached XP level 4. HP: 38/38 MP: 3/3
  1290 | D:2      | Reached XP level 5. HP: 45/45 MP: 4/4
  1290 | D:2      | Identified a scroll of acquirement
  1290 | D:2      | Identified the ring of Dibuon {Ice rN+} (You acquired it on
                  | level 2 of the Dungeon)
  1325 | D:2      | Found a snail-covered altar of Cheibriados.
  1603 | D:2      | Reached skill level 1 in Axes
  1904 | D:3      | Reached skill level 2 in Axes
  2193 | D:3      | Noticed Sigmund
  2202 | D:3      | Killed Sigmund
  2203 | D:3      | Reached skill level 5 in Axes
  2203 | D:3      | Reached XP level 6. HP: 51/51 MP: 5/5
  2269 | D:3      | Noticed Grinder
  2275 | D:3      | Killed Grinder
  2276 | D:3      | Reached skill level 6 in Axes
  2276 | D:3      | Reached XP level 7. HP: 40/57 MP: 6/6
  2380 | D:3      | Noticed Terence
  2393 | D:3      | Killed Terence
  2633 | D:3      | Reached skill level 7 in Axes
  2916 | D:4      | Found Nuegec's Assorted Antiques.
  2980 | D:4      | Bought a scroll labeled HOMU LAGIMUPU for 27 gold pieces
  3033 | D:4      | Reached skill level 8 in Axes
  3116 | D:4      | Found Ycycux's Antique Weapon Emporium.
  3121 | D:4      | Found Bakk's Book Shoppe.
  3363 | D:4      | Got a scorched golden ring
  3365 | D:4      | Identified the cursed ring "Sethriar" {Ice rN+ Str-4
                  | Stlth+} (You found it on level 4 of the Dungeon)
  3385 | D:4      | Found Tynluod's Weapon Shop.
  3494 | D:4      | Found Fegut's Armour Boutique.
  3686 | D:5      | Entered Level 5 of the Dungeon
  3687 | D:5      | Found a staircase to the Ecumenical Temple.
  3708 | Temple   | Entered the Ecumenical Temple
  4225 | Temple   | Became a worshipper of Lugonu the Unformed
  4372 | D:5      | Found Taicizaa's Antique Weapon Boutique.
  4386 | D:5      | Reached skill level 9 in Axes
  4407 | D:5      | Found a glowing drain.
  4411 | Sewer    | Entered a sewer
  4437 | Sewer    | Reached XP level 8. HP: 63/63 MP: 7/7
  4593 | Sewer    | Reached skill level 10 in Axes
  4718 | Sewer    | Reached ** piety under Lugonu
  4739 | Sewer    | Reached skill level 11 in Axes
  5058 | D:5      | Reached skill level 12 in Axes
  5211 | D:5      | Reached XP level 9. HP: 70/70 MP: 8/8
  5423 | D:5      | Noticed Edmund
  5430 | D:5      | Killed Edmund
  5431 | D:5      | Reached skill level 1 in Invocations
  5908 | D:6      | Reached skill level 13 in Axes
  5951 | D:6      | Reached *** piety under Lugonu
  6353 | D:6      | Reached skill level 1 in Evocations
  6608 | D:6      | Noticed Duvessa
  6608 | D:6      | Noticed Dowan
  6613 | D:6      | Killed Duvessa
  6615 | D:6      | Killed Dowan
  6895 | D:6      | Reached **** piety under Lugonu
  6991 | D:7      | Reached skill level 5 in Invocations
  7217 | D:6      | Reached XP level 10. HP: 42/77 MP: 12/12
  7396 | D:7      | Received a gift from Lugonu
  7598 | D:7      | Reached skill level 1 in Throwing
  7866 | D:7      | Reached skill level 14 in Axes
  7981 | D:8      | Noticed Joseph
  8030 | D:8      | Noticed a death yak
  8031 | D:8      | Noticed a death yak
  8031 | D:8      | Noticed a death yak
  8135 | D:8      | Noticed a two-headed ogre
  8219 | D:8      | Received a gift from Lugonu
  8230 | D:7      | Killed a two-headed ogre
  8252 | D:7      | Killed Joseph
  8441 | D:8      | Noticed Gastronok
  8454 | D:8      | Reached skill level 5 in Evocations
  8531 | D:7      | HP: 5/115 [Gastronok (15)]
  8532 | D:7      | HP: 2/115 [hungry ghost (3)]
  8533 | D:7      | Slain by a hungry ghost

Skill      XL: |  1  2  3  4  5  6  7  8  9 10 |
---------------+-------------------------------+-----
Armour         | 1 2 3 |  3.0
Fighting       | 2 3 |  3.3
Stealth        | 3 |  3.0
Dodging        | 4 |  4.4
Axes           | 5 6 9 12 13 14 | 14.5
Invocations    | 5 |  5.0
Evocations     | 2 5 |  5.0
Throwing       | 4 |  4.0
Maces & Flails | |  1.2

Action                   |  1- 3 |  4- 6 |  7- 9 | 10-12 || total
-------------------------+-------+-------+-------+-------++-------
Melee: Whip              |    90 |       |       |       ||    90
       Headbutt          |     6 |     9 |    34 |     8 ||    57
       Executioner's axe |       |    96 |   368 |   131 ||   595
 Fire: Blowgun           |     3 |     3 |       |       ||     6
Throw: Stone             |    29 |     3 |       |       ||    32
       Javelin           |       |       |       |    19 ||    19
Invok: Bend Space        |       |       |     1 |     1 ||     2
 Abil: Evoke Berserk Rag |       |       |     1 |       ||     1
  Use: Scroll            |       |     3 |     6 |     1 ||    10
       Potion            |       |       |       |     6 ||     6
 Stab: Sleeping          |     6 |     2 |       |       ||     8
  Eat: Chunk             |     4 |     8 |    25 |     3 ||    40
       Ration            |       |       |     2 |     3 ||     5
Armor: Robe              |    31 |    38 |       |       ||    69
       Leather armour    |       |     8 |     8 |       ||    16
       Ring mail         |       |       |    93 |       ||    93
       Scale mail        |       |       |    24 |       ||    24
       Chain mail        |       |       |     4 |    46 ||    50
       Plate armour      |       |       |       |    92 ||    92
       Skin              |       |       |       |    20 ||    20
Dodge: Dodged            |    64 |    92 |   281 |   123 ||   560
